Map: Pride of Altaris LE

Players

Warthog - Winner!

  • Race: Terran Terran
  • League: Master
  • Spawn Location: 5:00

Lico

  • Race: Zerg Zerg
  • League: Master
  • Spawn Location: 11:00

VOD

Have the link to the VOD?

Description

Time

  • Played on: Jan. 11, 2022, 11:15 p.m.
  • Length: 14:52
Show
View Real Time Build Order
Export as new Build Order

Warthog Terran - Winner!

Build Orders: Reaper Expand, Mech 

Get SALT Encoding   

  12  0:00  SCV  
  13  0:12  SCV  
  14  0:17  Supply Depot  
  14  0:24  SCV  
  15  0:39  SCV  
  15  0:40  Barracks  
  16  0:44  Refinery  
  16  0:51  SCV  
  17  1:03  SCV  
  18  1:15  SCV  
  19  1:28  Reaper, Orbital Command  
  20  1:39  Command Center  
  20  1:48  Supply Depot  
  20  1:54  SCV  
  21  1:59  Marine  
  22  2:06  Factory  
  22  2:12  SCV  
  23  2:22  Barracks Reactor  
  23  2:24  SCV  
  23  2:38  SCV  
  23  2:40  Refinery, Bunker  
  24  2:50  SCV  
  25  2:51  Orbital Command  
  25  2:52  Factory Tech Lab  
  25  3:02  Marine x2  
  27  3:07  SCV  
  27  3:11  Cyclone  
  31  3:17  SCV  
  31  3:19  SCV  
  33  3:20  Marine x2  
  35  3:29  SCV  
  35  3:32  Starport  
  36  3:45  SCV  
  37  3:55  SCV  
  38  3:59  SCV  
  37  4:06  Barracks Tech Lab  
  37  4:07  SCV  
  38  4:11  SCV  
  38  4:12  Viking  
  38  4:14  Command Center  
  40  4:20  SCV  
  40  4:23  Hellion x2  
  45  4:25  SCV  
  46  4:31  Supply Depot  
  46  4:33  Refinery  
  46  4:35  Supply Depot, Refinery  
  46  4:53  SCV x2  
  48  5:05  SCV x2  
  50  5:09  Supply Depot  
  50  5:13  Liberator, Hellion x2  
  57  5:17  SCV x2  
  59  5:26  Factory  
  59  5:27  Factory  
  59  5:29  SCV x2  
  59  5:32  Supply Depot  
  62  5:36  Hellion x2  
  62  5:39  Orbital Command  
  65  5:45  SCV x2  
  67  5:51  Factory  
  67  5:52  Armory  
  67  5:54  Armory  
  67  5:55  Factory  
  67  5:56  Supply Depot  
  67  5:57  SCV  
  67  5:58  Supply Depot  
  67  6:02  SCV  
  69  6:07  SCV  
  69  6:09  SCV  
  71  6:19  SCV  
  71  6:20  Orbital Command  
  72  6:29  Siege Tank  
  72  6:30  Siege Tank  
  72  6:31  Hellion x2  
  82  6:33  SCV x2  
  82  6:39  Starport Tech Lab  
  84  6:40  Factory Tech Lab, Factory Reactor  
  84  6:44  Refinery  
  84  6:45  SCV x2  
  86  6:48  SCV, Refinery  
  86  6:52  Hellion x2  
  91  6:54  Infernal Pre-Igniter  
  91  6:56  Mag-Field Accelerator  
  91  6:57  SCV x2  
  91  7:00  SCV  
  94  7:02  Siege Tank  
  97  7:09  SCV  
  97  7:11  Hellion  
  97  7:12  Hellion  
  92  7:23  SCV x2  
  92  7:26  Supply Depot  
  92  7:27  Supply Depot  
  92  7:30  Hellion  
  92  7:33  Cyclone, Siege Tank  
  92  7:34  Hellion x2, Siege Tank  
  107  7:44  Hellion x3  
  107  7:59  Hellion  
  107  8:01  SCV x3  
  107  8:05  Hellion, Siege Tank x2  
  120  8:06  Cyclone  
  116  8:18  Banshee  
  114  8:31  Command Center  
  114  8:33  Supply Depot  
  112  8:37  Siege Tank x2  
  112  8:38  Siege Tank  
  112  8:41  Command Center  
  121  8:48  SCV  
  121  8:49  SCV x2  
  121  8:52  Supply Depot  
  121  8:54  Supply Depot  
  121  8:55  Hellion x5  
  124  8:56  Supply Depot  
  124  9:00  Terran Vehicle Weapons Level 1, Terran Vehicle And Ship Armor Level 1  
  124  9:01  SCV x2  
  126  9:06  Hellion  
  126  9:07  Hellion  
  126  9:08  Hellion  
  132  9:11  Siege Tank  
  132  9:13  Smart Servos  
  132  9:14  Siege Tank  
  132  9:16  Supply Depot, Hellion x2  
  138  9:19  Supply Depot  
  138  9:21  SCV x2  
  140  9:29  Engineering Bay  
  140  9:30  Hellion x3  
  146  9:37  Thor  
  152  9:40  Hellion  
  152  9:43  Thor  
  160  9:46  Hellion  
  160  9:52  Hellion  
  156  10:06  Hellion  
  156  10:07  SCV x2, Siege Tank  
  158  10:10  SCV  
  158  10:11  Orbital Command  
  158  10:12  Planetary Fortress  
  160  10:15  Refinery x2  
  160  10:17  Hellion  
  160  10:20  Cyclone  
  165  10:26  Cyclone  
  168  10:34  Hellion  
  167  10:37  Factory  
  167  10:38  Factory  
  167  10:39  Factory, Siege Tank  
  166  10:50  Hellion  
  166  10:52  Cyclone  
  166  10:53  Hellion  
  171  10:58  Cyclone  
  172  11:04  SCV  
  169  11:11  Cyclone  
  169  11:13  Refinery, Command Center  
  169  11:17  Refinery  
  170  11:24  Cyclone  
  170  11:26  Hellion  
  170  11:30  Cyclone  
  168  11:42  Factory Tech Lab x3  
  168  11:44  Cyclone, Starport  
  170  11:55  Hellion  
  170  11:56  Thor  
  177  12:02  Thor  
  171  12:15  Thor  
  172  12:28  Thor  
  170  12:38  Thor  
  170  12:45  Thor  
  170  12:47  Thor x2  
  170  12:48  Viking x2  
  174  13:02  Thor  
  177  13:11  Thor  
  177  13:13  Orbital Command  
  177  13:14  Refinery  
  168  13:20  Refinery, Hellion x3  
  168  13:21  Thor  
  180  13:28  Hellion  
  180  13:30  Thor x2  
  194  13:39  Viking x2  
  194  13:40  Viking  
  189  14:08  Thor, Refinery, Command Center  
  195  14:11  Hellion x2  
  195  14:14  Viking  
Show
View Real Time Build Order
Export as new Build Order

Lico Zerg 

Build Orders: Pool First, Brood Lord Corruptor 

Get SALT Encoding   

  12  0:00  Drone  
  13  0:08  Drone  
  14  0:16  Overlord  
  14  0:23  Drone, Extractor  
  15  0:36  Drone x2  
  17  0:44  Drone  
  18  0:50  Spawning Pool  
  18  0:55  Drone  
  18  1:00  Extractor  
  17  1:06  Drone  
  18  1:17  Hatchery  
  17  1:19  Drone  
  18  1:27  Drone  
  19  1:37  Queen  
  21  1:40  Zergling x2  
  22  1:49  Roach Warren  
  22  1:50  Drone  
  22  2:00  Overlord  
  22  2:26  Hatchery  
  22  2:29  Roach x2  
  25  2:31  Roach  
  25  2:33  Roach  
  29  2:43  Roach  
  32  2:44  Drone  
  32  2:53  Drone x3  
  32  2:54  Drone  
  35  2:58  Drone  
  35  3:04  Overlord  
  36  3:22  Queen  
  36  3:23  Drone x3  
  36  3:24  Drone  
  42  3:28  Drone x2  
  44  3:38  Drone x2  
  44  3:39  Drone  
  47  3:51  Drone x2  
  47  3:54  Drone x3  
  47  3:55  Metabolic Boost  
  50  3:59  Overlord  
  50  4:01  Queen  
  50  4:08  Overlord  
  50  4:09  Drone x2  
  49  4:10  Drone x2  
  49  4:13  Drone x2  
  50  4:19  Zergling x2  
  50  4:21  Zergling x4  
  53  4:28  Drone  
  54  4:33  Zergling x2  
  54  4:34  Zergling x2  
  54  4:36  Zergling x2  
  54  4:37  Zergling x2  
  58  4:40  Hatchery  
  58  4:41  Lair  
  58  4:44  Drone  
  58  4:47  Overlord  
  58  4:49  Overlord  
  57  4:58  Drone  
  58  5:01  Queen, Overlord  
  58  5:02  Overlord  
  58  5:04  Overlord  
  58  5:06  Drone x2  
  61  5:07  Drone x2  
  61  5:08  Roach  
  61  5:09  Roach  
  64  5:15  Roach  
  64  5:20  Drone  
  64  5:21  Drone x2  
  68  5:22  Drone x3  
  68  5:24  Queen, Extractor  
  68  5:25  Extractor  
  68  5:26  Drone x3, Roach  
  76  5:28  Spore Crawler  
  76  5:30  Spore Crawler, Drone  
  76  5:32  Spore Crawler  
  76  5:34  Drone  
  75  5:36  Spore Crawler, Drone  
  75  5:41  Drone  
  76  5:43  Roach  
  76  5:47  Drone  
  76  5:48  Evolution Chamber  
  76  5:49  Extractor  
  77  5:52  Extractor  
  77  5:54  Spore Crawler, Drone, Roach, Spine Crawler  
  77  5:57  Drone x7  
  79  6:02  Spore Crawler  
  79  6:03  Drone x2  
  85  6:06  Drone x2  
  85  6:09  Spire  
  85  6:13  Spore Crawler, Drone  
  85  6:14  Drone  
  85  6:18  Zerg Missile Weapons Level 1  
  86  6:19  Drone  
  86  6:24  Spore Crawler  
  86  6:25  Overlord x2  
  86  6:30  Burrow  
  86  6:32  Overlord  
  86  6:34  Drone  
  86  6:36  Extractor, Overlord  
  86  6:37  Overlord, Extractor  
  86  6:39  Overlord  
  85  6:41  Drone x2, Overlord  
  85  6:42  Spine Crawler  
  85  6:43  Drone  
  85  6:44  Roach x2  
  91  6:47  Drone  
  91  6:48  Infestation Pit  
  91  6:49  Roach  
  91  6:51  Roach  
  91  6:52  Spore Crawler  
  94  6:56  Roach x2  
  94  6:58  Overlord  
  94  7:00  Roach  
  94  7:01  Roach  
  97  7:10  Drone  
  97  7:11  Drone x3  
  97  7:12  Drone x5  
  101  7:18  Roach x5  
  108  7:23  Roach  
  108  7:27  Overlord  
  108  7:28  Zergling x8  
  108  7:29  Drone x3  
  117  7:36  Roach  
  119  7:38  Roach  
  119  7:40  Roach  
  121  7:45  Drone  
  121  7:46  Drone x2  
  121  7:47  Drone  
  123  7:51  Drone x2  
  123  7:52  Drone x2  
  123  7:57  Extractor  
  117  8:01  Drone x3  
  117  8:02  Drone x3  
  117  8:04  Hive  
  117  8:05  Drone x3  
  126  8:09  Drone, Evolution Chamber  
  126  8:12  Drone x2  
  115  8:14  Drone x2  
  115  8:15  Drone  
  115  8:16  Roach x3  
  115  8:17  Roach  
  124  8:20  Roach  
  124  8:25  Roach x2  
  124  8:27  Roach  
  124  8:29  Roach  
  124  8:31  Roach x2  
  124  8:32  Roach  
  124  8:33  Roach  
  132  8:35  Zerg Missile Weapons Level 2  
  132  8:37  Roach  
  132  8:38  Roach x6  
  132  8:39  Roach  
  146  8:43  Roach  
  146  8:45  Ravager  
  149  8:49  Overlord  
  149  8:50  Roach  
  152  8:55  Drone  
  152  9:03  Drone, Spine Crawler x2  
  152  9:04  Overlord  
  152  9:09  Drone x5, Hatchery  
  156  9:10  Drone  
  156  9:13  Drone x2  
  157  9:18  Drone, Hatchery  
  157  9:19  Drone x3  
  157  9:21  Zerg Ground Armor Level 1  
  156  9:26  Hatchery  
  156  9:28  Greater Spire  
  156  9:29  Corruptor x3, Overlord  
  159  9:32  Corruptor  
  159  9:38  Corruptor x2  
  161  9:43  Overlord  
  163  9:46  Corruptor  
  163  9:47  Corruptor  
  166  9:55  Corruptor, Overlord  
  158  10:04  Glial Reconstitution  
  157  10:07  Overlord  
  157  10:14  Extractor x2  
  157  10:18  Extractor x2  
  157  10:21  Drone  
  141  10:23  Overlord  
  141  10:28  Drone x3  
  138  10:34  Roach  
  138  10:35  Roach  
  143  10:36  Roach x2  
  140  10:43  Brood Lord x2  
  140  10:46  Drone, Overlord  
  140  10:47  Drone  
  120  10:52  Roach x4  
  120  10:54  Roach x2  
  120  10:55  Roach, Overlord  
  125  10:57  Roach  
  125  11:04  Roach x3  
  125  11:06  Overlord  
  125  11:08  Roach x2  
  125  11:11  Overlord  
  125  11:14  Roach x2, Overlord  
  125  11:15  Roach  
  125  11:16  Overlord  
  123  11:19  Overlord  
  121  11:26  Drone x2  
  121  11:27  Drone  
  121  11:28  Drone x4  
  121  11:29  Drone x3  
  121  11:30  Drone  
  121  11:32  Drone  
  133  11:34  Drone x2  
  133  11:37  Drone  
  133  11:39  Drone  
  138  11:40  Drone  
  138  11:43  Drone x2  
  140  11:48  Spine Crawler  
  136  11:54  Brood Lord  
  136  11:55  Brood Lord  
  136  11:57  Roach  
  136  12:01  Roach  
  136  12:02  Roach  
  136  12:05  Roach  
  136  12:07  Roach  
  139  12:09  Drone  
  139  12:10  Drone  
  139  12:13  Roach x2  
  139  12:15  Roach  
  138  12:17  Roach  
  138  12:21  Drone x2  
  138  12:22  Drone x2  
  131  12:25  Roach  
  131  12:28  Roach  
  131  12:29  Drone  
  125  12:31  Drone  
  125  12:32  Drone  
  125  12:34  Drone  
  125  12:35  Drone  
  121  12:37  Roach  
  120  12:45  Drone x2  
  120  12:46  Drone x3  
  120  12:49  Drone x2  
  126  12:54  Roach, Overlord  
  126  12:55  Roach  
  130  13:01  Drone x4  
  130  13:02  Drone  
  127  13:07  Brood Lord  
  127  13:10  Brood Lord  
  127  13:11  Drone  
  123  13:14  Roach  
  123  13:15  Roach  
  123  13:18  Drone x2  
  129  13:20  Brood Lord  
  129  13:21  Drone  
  129  13:23  Drone x2  
  129  13:25  Drone x2  
  136  13:28  Drone x2  
  136  13:29  Drone  
  136  13:31  Drone  
  136  13:34  Drone x4  
  141  13:36  Overlord  
  141  13:38  Roach  
  146  13:43  Spine Crawler  
  146  13:44  Extractor x2  
  146  13:45  Overlord  
  146  13:48  Drone x3  
  146  13:50  Extractor  
  146  13:52  Hydralisk Den  
  136  13:56  Overlord  
  136  13:57  Overlord  
  136  13:59  Overlord  
  136  14:00  Roach  
  136  14:01  Roach  
  138  14:05  Corruptor  
  136  14:11  Overlord  
  136  14:12  Roach x2  
  136  14:16  Overlord  
  138  14:23  Overlord  
  138  14:24  Roach x3  
  138  14:26  Roach x2  
  138  14:27  Roach x3  
  138  14:28  Roach x4  
  138  14:29  Overlord  
  138  14:30  Roach  
  138  14:32  Roach  
Tags
 
Add a new tag
Caveats
  • Supply blocks, unpowered buildings, or Contaminate may cause inaccurate times.
  • Supply counts are checked every 10 seconds.